 Dungeon Crawl Stone Soup version 0.25-a0-1119-g28b6fd0c3b (webtiles) character file.

Game seed: 15305362944656238030, levelgen mode: deterministic

379672 Chiseanne the Tortoise (level 21, -5/156 HPs)
             Began as a Demonspawn Wanderer on May 12, 2020.
             Was an Initiate of Gozag.
             Slain by a vault warden
             ... wielding a +2 great sword of distortion
              (7 damage)
             ... on level 5 of the Vaults on May 18, 2020.
             The game lasted 03:27:01 (65035 turns).

Chiseanne the Tortoise (Demonspawn Wanderer)       Turns: 65035, Time: 03:27:01

Health: -5/156     AC: 24    Str: 16    XL:     21   Next: 87%
Magic:  0/45       EV: 17    Int: 33    God:    Gozag
Gold:   10         SH: 15    Dex: 11    Spells: 39/51 levels left

rFire    + + .     SeeInvis .   a - +9 dagger (elec)
rCold    + + .     Gourm    .   l - +2 kite shield {AC+3}
rNeg     + . .     Faith    .   C - +1 ring mail of Cynicism {+Blink Int+4 Slay+3} (curse)
rPois    +         Spirit   +   (helmet unavailable)
rElec    +         Reflect  .   o - +2 cloak {+Inv}
rCorr    .         Harm     .   O - +2 pair of gloves {Dex+3}
MR       ++++.     Rnd*Rage +   p - +2 pair of boots "Tefutwich" {rElec rPois Str+4 Dex-4}
Stlth    +.........             i - amulet of Veugoh {Acrobat rPois rC+ Int+5 Dex-4}
HPRegen  0.36/turn              T - ring of Xucryffu {rF+ rN+ MP+9 Int+3}
MPRegen  0.58/turn              F - ring "Emmek" {rC+ MR+++ Str-2 Int+2 Slay+2}

@: no status effects
A: horns 3, berserk 1, fire resistance 1, low mp 1, poison resistance, spiny 2,
magic shield, magic regeneration, magic link, sturdy frame 3
}: 2/15 runes: barnacled, gossamer
a: Potion Petition, Call Merchant, Bribe Branch, Renounce Religion, Evoke Blink,
Evoke Invisibility


You were on level 5 of the Vaults.
You worshipped Gozag.
Gozag was noncommittal.
You were not hungry.

You visited 8 branches of the dungeon, and saw 40 of its levels.
You also visited: Bailey.

You collected 18766 gold pieces.
You spent 7859 gold pieces at shops.
You paid 10897 gold pieces to Gozag.

Inventory:

Hand Weapons
 a - a +9 dagger of electrocution (weapon)
 d - a +6 broad axe of flaming
 s - the +6 war axe of the Blessed Realm {vorpal, +Inv rF+ rN+ Str-2}
   (You found it on level 3 of the Crypt)

   It inflicts extra damage upon your enemies.
   It affects your strength (-2).
   It protects you from fire.
   It protects you from negative energy.
   It lets you turn invisible.
Missiles
 E - 8 curare-tipped darts
 N - 4 throwing nets {!*}
 W - 6 atropa-tipped darts (quivered)
Armour
 l - a +2 kite shield of protection (worn)
 o - a +2 cloak of invisibility (worn)
 p - the +2 pair of boots "Tefutwich" (worn) {rElec rPois Str+4 Dex-4}
   (You found it on level 4 of the Vaults)

   It affects your strength (+4).
   It affects your dexterity (-4).
   It insulates you from electricity.
   It protects you from poison.
 C - the cursed +1 ring mail of Cynicism (worn) {+Blink Int+4 Slay+3}
   (You bought it in a shop on level 2 of the Vaults)

   It affects your intelligence (+4).
   It affects your accuracy and damage with ranged weapons and melee attacks
   (+3).
   It lets you blink.
   It has a curse placed upon it.
 O - a +2 pair of gloves of dexterity (worn)
Magical Staves
 y - an uncursed staff of wizardry
Jewellery
 i - the amulet of Veugoh (around neck) {Acrobat rPois rC+ Int+5 Dex-4}
   (You bought it in a shop on level 11 of the Dungeon)

   [amulet of the acrobat]

   It helps you evade while moving and waiting.
   It affects your intelligence (+5).
   It affects your dexterity (-4).
   It protects you from cold.
   It protects you from poison.
 j - the ring "Heaklimp" {rElec MP-9 Str+3 SInv}
   (You bought it in a shop on level 15 of the Dungeon)

   [ring of see invisible]

   It affects your strength (+3).
   It insulates you from electricity.
   It affects your magic capacity (-9).
   It lets you see invisible.
 F - the ring "Emmek" (right hand) {rC+ MR+++ Str-2 Int+2 Slay+2}
   (You found it on level 14 of the Dungeon)

   [ring of protection from cold]

   It affects your strength (-2).
   It affects your intelligence (+2).
   It affects your accuracy and damage with ranged weapons and melee attacks
   (+2).
   It protects you from cold.
   It affects your resistance to hostile enchantments.
 Q - the ring of Rad Zit {*Corrode rElec rF++ Str+5 Slay+1}
   (You bought it in a shop on level 11 of the Dungeon)

   [ring of slaying]

   It affects your strength (+5).
   It affects your accuracy and damage with ranged weapons and melee attacks
   (+1).
   It greatly protects you from fire.
   It insulates you from electricity.
   It may corrode you when you take damage.
 T - the ring of Xucryffu (left hand) {rF+ rN+ MP+9 Int+3}
   (You bought it in a shop on level 11 of the Dungeon)

   [ring of magical power]

   It affects your intelligence (+3).
   It protects you from fire.
   It protects you from negative energy.
   It affects your magic capacity (+9).
Wands
 x - a wand of iceblast (6)
 H - a wand of digging (4)
 L - a wand of clouds (1)
 P - a wand of flame (18)
 U - a wand of acid (27)
 V - a wand of disintegration (9)
 Y - a wand of paralysis (22)
Scrolls
 c - a scroll of teleportation
 m - 4 scrolls of magic mapping
 n - 7 scrolls of remove curse
 z - a scroll of immolation
 A - a scroll of identify
Potions
 g - 3 potions of ambrosia
 h - 2 potions of brilliance
 t - 5 potions of flight
 v - 4 potions of cancellation
 S - 2 potions of curing
Miscellaneous
 e - 3 phantom mirrors
 k - a lightning rod (4/4)
 Z - a phial of floods
Comestibles
 f - 6 rations


   Skills:
 - Level 11.3 Fighting
 - Level 7.7(8.0) Short Blades
   Level 2.6(5.6) Long Blades
 - Level 1.0 Throwing
 * Level 17.3 Armour
 - Level 10.0 Dodging
 - Level 1.0 Stealth
 * Level 15.0 Shields
 * Level 15.5 Spellcasting
 * Level 14.5 Conjurations
 - Level 1.0 Translocations
   Level 4.1 Fire Magic
 - Level 1.7 Air Magic
 - Level 9.6 Evocations


You had 39 spell levels left.
You knew the following spells:

 Your Spells              Type           Power        Failure   Level  Hunger
a - Stone Arrow           Conj/Erth      ######       1%          3    None
b - Blink                 Tloc           N/A          1%          2    None
c - Dispel Undead         Necr           ####....     16%         4    None
d - Mephitic Cloud        Conj/Pois/Air  ######..     1%          3    None

Your spell library contained the following spells:

 Spells                   Type           Power        Failure   Level  Hunger
 Magic Dart               Conj           ####         0%          1    None
 Animate Skeleton         Necr           N/A          1%          1    None
 Corona                   Hex            ####...      1%          1    None
 Pain                     Necr           ####         1%          1    None
 Corpse Rot               Necr/Air       N/A          1%          2    None
 Conjure Flame            Conj/Fire      ######..     1%          3    None
 Dazzling Flash           Conj/Hex       ######       1%          3    None
 Inner Flame              Hex/Fire       #####...     1%          3    None
 Static Discharge         Conj/Air       ######..     1%          3    None
 Lightning Bolt           Conj/Air       ######....   1%          5    None
 Call Imp                 Summ           ####....     2%          2    None
 Slow                     Hex            ####....     2%          2    None
 Portal Projectile        Hex/Tloc       ####..       4%          3    None
 Recall                   Summ/Tloc      N/A          4%          3    None
 Vampiric Draining        Necr           ####......   4%          3    None
 Animate Dead             Necr           N/A          16%         4    None
 Cause Fear               Hex            ####......   16%         4    None
 Ice Form                 Ice/Tmut       ####....     16%         4    None
 Leda's Liquefaction      Hex/Erth       ####......   16%         4    None
 Freezing Cloud           Conj/Ice/Air   ######....   26%         6    ##.....
 Summon Forest            Summ/Tloc      ####......   36%         5    None
 Agony                    Necr           ####....     41%         5    None
 Alistair's Intoxication  Tmut/Pois      ####....     41%         5    None
 Borgnjor's Vile Clutch   Necr/Erth      ####......   41%         5    None
 Metabolic Englaciation   Hex/Ice        ####......   41%         5    None
 Death Channel            Necr           ####......   94%         6    ##.....
 Eringya's Noxious Bog    Tmut/Pois      ####......   94%         6    ##.....
 Hydra Form               Tmut           ####......   94%         6    ##.....
 Ozocubu's Refrigeration  Ice            ####......   94%         6    ##.....
 Simulacrum               Ice/Necr       ####......   94%         6    ##.....
 Summon Hydra             Summ           ####......   100%        7    ####...
 Ignition                 Fire           ######....   100%        8    ######.
 Shatter                  Erth           ####......   100%        9    #######
 Tornado                  Air            #####.....   100%        9    #######


Dungeon Overview and Level Annotations

Branches:
Dungeon (15/15)            Temple (1/1) D:7            Lair (6/6) D:8
 Shoals (4/4) Lair:2       Spider (4/4) Lair:4        Slime (0/5) Lair:6
    Orc (2/2) D:9             Elf (0/3) Orc:2        Vaults (5/5) D:13
  Crypt (3/3) Vaults:3       Tomb (0/3) Crypt:3      Depths (0/5) D:15
 Bailey (visited)

Altars:
Ashenzari
Cheibriados
Dithmenos
Elyvilon
Fedhas
Gozag
Hepliaklqana
Kikubaaqudgha
Makhleb
Nemelex Xobeh
Okawaru
Qazlal
Ru
Sif Muna
Trog
Uskayaw
Vehumet
Wu Jian
Xom
Yredelemnul
Zin
The Shining One
Beogh
Jiyva

Shops:
D:5 }   D:9 [   D:11 =   D:15 ?=(*[(   Orc:1 :   Orc:2 %}*[   Vaults:2 [

Portals:
Pandemonium: Orc:2

Annotations:
D:4 3 runed translucent doors, Duffy's ghost, weakling DsFE
D:10 3 runed translucent doors
Lair:2 exclusion: 4 oklob plants
Lair:6 1 runed translucent door
Vaults:5 Bai Suzhen


Innate Abilities, Weirdness & Mutations

You have a pair of large horns on your head.
Your flesh is heat resistant. (rF+)
You are mostly covered in sharp spines.
When hurt, damage is shared between your health and your magic reserves.
You regenerate magic rapidly.
When low on magic, you restore magic in place of health.
Your movements are significantly less encumbered by armour. (ER -6)
You tend to lose your temper in combat.
Your magical capacity is low. (-10% MP)
Your system is resistant to poisons. (rPois)


Message History

Space warps horribly around you!!
* * * LOW HITPOINT WARNING * * *
The stone giant throws a large rock.
The large rock completely misses you.
The stone giant throws a large rock.
The large rock misses you.
You see here 2 large rocks.
The stone giant throws a large rock.
You block the large rock.
You see here a large rock.
The stone giant throws a large rock.
You block the large rock.
You see here a large rock.
Evoke which item? (* to show all) (? for menu, Esc to quit)
Aiming: Cloud Cone
Press: ? - help, Dir - move target cursor, f - vault warden
Aim: a vault warden, wielding a +2 great sword of distortion and wearing a +1 chain mail of fire resistance You create a blast of freezing vapour!
The stone giant is engulfed in freezing vapours.
The vault warden is engulfed in freezing vapours.
The vault warden is struck by your spines.
The vault warden hits you with a +2 great sword of distortion!
You die...
Your body crumbles into a pile of gold.

$ #....# #d.$.# #.$..#
#..($# $ $ #.$..#..*.
#$.$.#... $ #+#$$$.#.$###
###§#§§..#$..p
+@p9§§§[.$...
###§W§§[[[)#######
...$.C§§<[$[.......
...$.$<$$<[[$.$....
....$$...<<$[$..$$...
........C[[[$(.....(.
######.$$$..(.(######
#......#............$.(W...
............$#($$.(.$##X...


You could see a stone giant, a vault warden, a war gargoyle and a freezing
wraith.

Vanquished Creatures
  2 ancient liches (Crypt:3)
  Margery (Vaults:2)
  Rupert (D:14)
  A lich (Crypt:3)
  A quicksilver dragon (Vaults:5)
  A sphinx (Vaults:5)
  2 ancient champions (Crypt:2)
  A shadow dragon (Vaults:5)
  Frances (D:12)
  Kirke (D:14)
  A storm dragon (Vaults:4)
  A kraken (Shoals:2)
  Donald (Vaults:2)
  2 fire giants
  A revenant (Vaults:3)
  2 orc warlords
  A frost giant (Vaults:3)
  Louise (Shoals:1)
  An imperial myrmidon (Vaults:3)
  7 ghost moths
  2 emperor scorpions (Spider:3)
  4 reapers (Crypt:3)
  8 ironheart preservers
  6 vault wardens
  2 curse skulls
  8 stone giants
  A ghoul (Crypt:2)
  5 entropy weavers
  2 vampire knights (Crypt:2)
  Nessos (D:15)
  Azrael (Spider:2)
  4 deep elf demonologists
  A spark wasp (Spider:4)
  A deep elf annihilator (Vaults:2)
  8 eidola
  2 merfolk javelineers
  2 fire dragons
  4 deep elf death magi
  4 merfolk impalers
  A mummy priest (Crypt:3)
  6 ettins
  10 yaktaur captains
  Erolcha (D:11)
  2 jiangshi (Crypt:2)
  5 hydras
  2 quicksilver dragon skeletons
  2 ice dragons
  A rakshasa (Vaults:3)
  A catoblepas (Shoals:2)
  25 vault guards
  A merfolk aquamancer (Shoals:4)
  An alligator snapping turtle (Shoals:3)
  11 centaur warriors
  7 two-headed ogres
  3 death knights
  2 merfolk avatars (Shoals:2)
  A queen ant (Lair:3)
  A two-headed ogre (shapeshifter) (Vaults:2)
  4 death yaks (Lair:3)
  4 ogre magi
  3 titan zombies
  A deep troll earth mage (Vaults:1)
  3 satyrs
  A deep troll shaman (Vaults:1)
  15 soul eaters
  5 orc high priests
  2 vampire magi
  A storm dragon zombie (Crypt:3)
  5 deep elf knights
  A skeletal warrior (Crypt:1)
  6 hell knights (Vaults:2)
  A golden dragon zombie (Crypt:2)
  An unseen horror (D:14)
  2 sixfirhies (Orc:1)
  A fire crab (shapeshifter) (Vaults:4)
  5 flayed ghosts
  5 shadow wraiths
  5 deep trolls
  A glowing orange brain (Vaults:1)
  An iron giant zombie (Crypt:1)
  An infernal demonspawn (Orc:2)
  5 sea snakes
  4 wizards
  2 gelid demonspawn (Orc:2)
  5 manticores
  15 phantasmal warriors
  4 deep elf archers
  7 lindwurms
  16 orb spiders
  A shadow dragon zombie (Crypt:2)
  2 harpies (Shoals:3)
  A golden dragon skeleton (Crypt:3)
  9 deep elf magi
  14 necromancers
  19 orc knights
  2 stone giant zombies (Crypt:3)
  10 ironbrand convokers
  32 ugly things
  13 orc sorcerers
  18 wolf spiders
  22 slime creatures
  5 fauns
  2 fire giant skeletons
  4 merfolk sirens
  11 cyclopes
  A moth of wrath (Spider:2)
  2 dire elephant zombies (Crypt:3)
  An orange demon (Orc:2)
  6 spiny frogs
  15 vault sentinels
  Maurice (D:8)
  5 torpor snails
  A dire elephant skeleton (Crypt:3)
  A kobold demonologist (Bailey)
  7 freezing wraiths
  A rime drake (shapeshifter) (Vaults:3)
  7 komodo dragons
  13 demonic crawlers
  2 rime drakes
  34 yaktaurs
  15 hellwings
  A catoblepas skeleton (Crypt:1)
  22 jumping spiders
  A polar bear (Lair:6)
  11 merfolk
  A green draconian skeleton (Crypt:1)
  3 tyrant leeches (Lair:6)
  15 trolls
  4 wind drakes
  Prince Ribbit (D:6)
  A hydra zombie (Crypt:3)
  A bog body (Crypt:2)
  13 hornets
  A hydra skeleton (Crypt:2)
  2 saltlings (Vaults:3)
  A fire dragon zombie (Crypt:3)
  4 snapping turtles
  An ice dragon zombie (Crypt:3)
  15 blink frogs
  A dream sheep (shapeshifter) (Vaults:5)
  14 dream sheep
  A frost giant simulacrum (Vaults:2)
  11 hippogriffs
  2 meliai zombies
  2 wyverns (D:12)
  17 shadows (Crypt:2)
  A tarantella (shapeshifter) (D:13)
  2 ettin zombies
  3 black mamba zombies (Crypt:3)
  An ice dragon skeleton (Crypt:3)
  An alligator skeleton (Crypt:3)
  A vampire (D:14)
  5 water elementals
  An ettin skeleton (Crypt:3)
  An ushabti (Crypt:3)
  A ynoxinul (Orc:2)
  43 redbacks
  A yak (shapeshifter) (Vaults:1)
  A fire dragon skeleton (Crypt:3)
  21 tarantellas
  9 wraiths
  A basilisk (shapeshifter) (Vaults:2)
  A human (shapeshifter) (Vaults:4)
  49 yaks
  4 basilisks
  3 fire elementals (Spider:2)
  A black mamba skeleton (Crypt:3)
  A tyrant leech zombie (Crypt:1)
  A chaos spawn (Orc:1)
  A steam dragon (D:11)
  4 hogs (D:14)
  4 vampire mosquitoes (D:12)
  21 soldier ants
  3 acid dragons
  8 wargs
  15 water moccasins
  A hell hound (Spider:2)
  2 spiny frog zombies
  A torturous demonspawn zombie (Crypt:3)
  A hornet zombie (D:15)
  9 porcupines
  2 eyes of draining
  3 ice beasts
  5 boggarts (Vaults:1)
  An ettin simulacrum (Vaults:1)
  A manticore zombie (Crypt:2)
  2 black bears
  60 orc warriors
  4 necrophages
  2 snapping turtle skeletons
  26 ogres
  A manticore skeleton (Crypt:2)
  33 centaurs
  14 wolves
  21 crocodiles
  2 big kobolds (D:10)
  2 gnoll sergeants
  22 bullfrogs
  2 wyvern zombies
  A draconian skeleton (Crypt:2)
  9 wyvern skeletons
  5 scorpions
  8 wights
  5 howler monkeys
  6 electric eels
  8 crimson imps
  A centaur zombie (D:11)
  2 bullfrog zombies
  5 hounds
  6 jellies
  3 bullfrog skeletons
  5 centaur skeletons
  38 orc priests
  5 iguanas
  21 orc wizards
  5 hell rats (Lair:5)
  32 worker ants
  A naga skeleton (Crypt:1)
  A deep dwarf skeleton (Crypt:1)
  29 gnolls
  14 adders
  A swamp drake skeleton (Crypt:2)
  2 shadow imps
  An ooze (D:2)
  2 adder skeletons
  A worm (D:6)
  2 dart slugs
  5 leopard geckos
  147 orcs
  6 giant cockroaches
  12 goblins
  12 hobgoblins
  15 jackals
  7 quokkas
  3 ball pythons
  6 bats
  7 frilled lizards
  12 kobolds
  A kobold skeleton (Crypt:3)
  A quokka zombie (D:6)
  8 rats
  A fungus (Lair:6)
  A plant (Shoals:4)
  3 tentacles (Shoals:2)
  2 withered plants (Crypt:3)
1628 creatures vanquished.

Vanquished Creatures (collateral kills)
  Mennas (Vaults:2)
  A golden dragon (Vaults:5)
  2 tentacled monstrosities (Vaults:5)
  A titan (Vaults:5)
  2 merfolk avatars
  A merfolk aquamancer (Shoals:2)
  A catoblepas (Shoals:2)
  An orc high priest (Orc:2)
  3 harpies (Shoals:3)
  2 merfolk sirens
  A jumping spider (Spider:4)
  A merfolk (Shoals:2)
  A hornet (Spider:4)
  A jackal (D:9)
19 creatures vanquished.

Vanquished Creatures (others)
  A dancing weapon (Vaults:5)
  A deep troll (Vaults:5)
  An orc knight (Vaults:3)
  A manticore (Shoals:2)
  A water nymph (Shoals:2)
  2 yaktaurs
  A snapping turtle (Shoals:3)
  A jumping spider (Spider:4)
  A tarantella (Spider:1)
  3 humans (D:14)
  A sky beast (D:14)
  A tengu (shapeshifter) (Vaults:5)
  2 bushes
  10 fungi
  26 plants
  3 tentacles (Shoals:2)
  17 withered plants (Crypt:3)
73 creatures vanquished.

Grand Total: 1720 creatures vanquished

Notes
Turn   | Place    | Note
-------+----------+-------------------------------------------
     0 | D:1      | Chiseanne the Demonspawn Wanderer began the quest for the
                  | Orb.
     0 | D:1      | Chiseanne set off with the following items: a +2 falchion,
                  | a potion of lignification, a scroll of teleportation, a +0
                  | robe, a ration
     0 | D:1      | Reached XP level 1. HP: 15/15 MP: 1/1
   140 | D:1      | Noticed a polar bear
   140 | D:1      | Noticed a swamp worm
   140 | D:1      | Noticed a swamp drake
   168 | D:1      | Reached skill level 1 in Dodging
   168 | D:1      | Gained mutation: You have a pair of small horns on your
                  | head. [demonic ancestry]
   168 | D:1      | Reached XP level 2. HP: 20/21 MP: 2/2
  1011 | D:2      | Gained mutation: When hurt, damage is shared between your
                  | health and your magic reserves. [demonic ancestry]
  1011 | D:2      | Reached XP level 3. HP: 23/27 MP: 3/3
  1490 | D:2      | Gained mutation: You have a pair of horns on your head.
                  | [demonic ancestry]
  1490 | D:2      | Reached XP level 4. HP: 34/34 MP: 4/4
  1493 | D:2      | Reached skill level 1 in Armour
  1641 | D:2      | Reached skill level 1 in Spellcasting
  2143 | D:3      | Gained mutation: Your movements are slightly less
                  | encumbered by armour. (ER -2) [demonic ancestry]
  2143 | D:3      | Reached XP level 5. HP: 40/40 MP: 6/6
  2351 | D:3      | Paralysed by an orc for 7 turns
  2360 | D:3      | Paralysed by an orc for 5 turns
  3059 | D:3      | Reached skill level 2 in Armour
  3415 | D:4      | Reached XP level 6. HP: 45/47 MP: 8/8
  3758 | D:4      | Found a burning altar of Makhleb.
  4079 | D:4      | Found a runed translucent gate.
  4080 | D:4      | Found a runed translucent gate.
  4080 | D:4      | Identified the +9 whip of Fedhas's Inspiration {drain,
                  | *Rage rElec rPois Str+6}
  4080 | D:4      | Identified the +0 chain mail of Dithmenos's Supremacy {+Inv
                  | rCorr Dex-3 SInv}
  4080 | D:4      | Noticed Duffy's ghost (weakling DsFE)
  4081 | D:4      | Found a runed translucent gate.
  4102 | D:4      | HP: 2/48 [poisoned by a worker ant]
  4108 | D:4      | HP: 3/72 [poisoned by a worker ant]
  4116 | D:4      | HP: 2/72 [poisoned by a worker ant]
  4120 | D:4      | Gained mutation: You are partially covered in sharp spines.
                  | [demonic ancestry]
  4120 | D:4      | Reached XP level 7. HP: 2/53 MP: 4/9
  4589 | D:4      | Found a roughly hewn altar of Beogh.
  4634 | D:5      | Entered Level 5 of the Dungeon
  4634 | D:5      | Found a white marble altar of Elyvilon.
  4635 | D:5      | Found a sparkling altar of Nemelex Xobeh.
  4729 | D:5      | You fall into a shaft and drop 1 floor!
  4743 | D:6      | Reached skill level 3 in Armour
  4888 | D:5      | Found Gomnoh's Gadget Shop.
  5620 | D:6      | Reached XP level 8. HP: 19/61 MP: 8/10
  5998 | D:6      | Reached skill level 4 in Armour
  6050 | D:6      | Reached skill level 5 in Fighting
  6577 | D:6      | Noticed Prince Ribbit
  6584 | D:6      | Killed Prince Ribbit
  6584 | D:6      | Reached skill level 5 in Dodging
  6654 | D:6      | Reached skill level 5 in Evocations
  6844 | D:6      | Reached skill level 5 in Armour
  6944 | D:6      | Found a glowing golden altar of the Shining One.
  7289 | D:7      | Reached XP level 9. HP: 69/69 MP: 12/12
  7602 | D:7      | Found a staircase to the Ecumenical Temple.
  7617 | Temple   | Entered the Ecumenical Temple
  7891 | Temple   | Became a worshipper of Gozag Ym Sagoz the Greedy
  8236 | D:7      | Found a blossoming altar of Fedhas.
  8547 | D:8      | Noticed Maurice
  8559 | D:8      | Killed Maurice
  8798 | D:8      | Reached skill level 6 in Armour
  8877 | D:8      | Found a staircase to the Lair.
  9078 | D:8      | Gained mutation: Your movements are less encumbered by
                  | armour. (ER -4) [demonic ancestry]
  9078 | D:8      | Reached XP level 10. HP: 39/79 MP: 6/15
 10145 | D:9      | Found a staircase to the Orcish Mines.
 10244 | D:9      | Found a sacrificial altar of Ru.
 10371 | D:9      | Found a radiant altar of Vehumet.
 10596 | D:9      | Reached skill level 7 in Armour
 10850 | D:9      | Bought a +2 pair of gloves of dexterity for 279 gold pieces
 10898 | D:10     | Entered Level 10 of the Dungeon
 11315 | D:10     | Found a runed translucent gate.
 11315 | D:10     | Found a runed translucent gate.
 11335 | D:10     | Gained mutation: Your movements are significantly less
                  | encumbered by armour. (ER -6) [demonic ancestry]
 11335 | D:10     | Reached XP level 11. HP: 80/87 MP: 17/17
 11336 | D:10     | Noticed a purple ugly thing
 11336 | D:10     | Noticed a white ugly thing
 11339 | D:10     | Noticed a white ugly thing
 11340 | D:10     | Found a runed translucent gate.
 11340 | D:10     | Noticed a red very ugly thing
 11340 | D:10     | Noticed a red ugly thing
 12334 | D:11     | Noticed a brown ugly thing
 12347 | D:11     | Killed a brown ugly thing
 12610 | D:11     | Reached skill level 8 in Armour
 12681 | D:11     | Noticed Erolcha
 12687 | D:11     | Paralysed by Erolcha for 3 turns
 12692 | D:11     | Killed Erolcha
 12858 | D:11     | Found a flagged portal.
 12867 | Bailey   | Entered a bailey
 13098 | Bailey   | Noticed an orc high priest
 13190 | Bailey   | Killed an orc high priest
 13298 | Bailey   | Found an iron altar of Okawaru.
 14433 | D:11     | Bought the ring of Rad Zit {*Corrode rElec rF++ Str+5
                  | Slay+1} for 508 gold pieces
 14441 | D:12     | Found a hazy altar of Hepliaklqana.
 14525 | D:12     | Reached skill level 10 in Fighting
 14582 | D:12     | Reached skill level 9 in Armour
 14582 | D:12     | Gained mutation: You regenerate magic rapidly. [demonic
                  | ancestry]
 14582 | D:12     | Reached XP level 12. HP: 82/97 MP: 16/19
 14610 | D:12     | Learned a level 1 spell: Magic Dart
 14789 | D:12     | Noticed Frances
 14799 | D:12     | Gained mutation: Scrolls take you a little longer to read.
                  | [a neqoxec]
 14807 | D:12     | Killed Frances
 15863 | D:11     | Bought the ring of Xucryffu {rF+ rN+ MP+9 Int+3} for 534
                  | gold pieces
 16034 | D:13     | Found a gate to the Vaults.
 16034 | D:13     | Noticed a vault guard
 16048 | D:13     | Killed a vault guard
 16104 | D:13     | You fall into a shaft and drop 2 floors!
 16104 | D:15     | Entered Level 15 of the Dungeon
 16143 | D:15     | Noticed a two-headed ogre
 16158 | D:15     | Killed a two-headed ogre
 16277 | D:15     | Noticed a fire dragon
 16298 | D:15     | Killed a fire dragon
 16321 | D:15     | Noticed an ice dragon
 16336 | D:15     | Killed an ice dragon
 16336 | D:15     | Reached skill level 10 in Dodging
 16346 | D:15     | Learned a level 2 spell: Blink
 16350 | D:15     | Learned a level 3 spell: Mephitic Cloud
 16356 | D:15     | Found a staircase to the Depths.
 16506 | D:14     | Noticed Rupert
 16789 | D:14     | Reached skill level 1 in Short Blades
 16950 | D:15     | Reached skill level 10 in Armour
 17210 | D:15     | Noticed a centaur warrior
 17218 | D:15     | Noticed a centaur warrior
 17221 | D:15     | Noticed a centaur warrior
 17222 | D:15     | Killed a centaur warrior
 17222 | D:15     | Noticed Nessos
 17225 | D:15     | Killed a centaur warrior
 17225 | D:15     | Reached skill level 1 in Shields
 17231 | D:15     | Killed Nessos
 17231 | D:15     | Reached skill level 5 in Spellcasting
 17231 | D:15     | Gained mutation: You are mostly covered in sharp spines.
                  | [demonic ancestry]
 17231 | D:15     | Reached XP level 13. HP: 48/105 MP: 16/20
 17622 | D:15     | Found Kosig's Magic Scroll Emporium.
 17630 | D:15     | Bought a scroll of teleportation for 39 gold pieces
 17630 | D:15     | Bought a scroll of summoning for 123 gold pieces
 18066 | D:15     | Lost mutation: Scrolls take you a little longer to read.
                  | [potion of mutation]
 18066 | D:15     | Gained mutation: You are weak. (Str -2) [potion of
                  | mutation]
 18066 | D:15     | Gained mutation: Your spells are a little easier to cast,
                  | but a little less powerful. [potion of mutation]
 18066 | D:15     | Gained mutation: You tend to lose your temper in combat.
                  | [potion of mutation]
 18066 | D:15     | Lost mutation: Your spells are a little easier to cast, but
                  | a little less powerful. [potion of mutation]
 18103 | D:14     | Paralysed by Rupert for 5 turns
 18131 | D:14     | Killed Rupert
 18276 | D:14     | Noticed Kirke
 18329 | D:14     | Killed Kirke
 19098 | D:14     | Reached skill level 5 in Short Blades
 19098 | D:14     | Reached skill level 11 in Armour
 19242 | D:14     | Identified Sif Muna's Catalogue of Venomous Evil Magic
 19250 | D:14     | Got a scintillating platinum ring
 20007 | D:13     | Reached skill level 5 in Shields
 20306 | D:13     | You fall into a shaft and drop 1 floor!
 20593 | Orc:1    | Entered Level 1 of the Orcish Mines
 20922 | Orc:1    | Found Boaweint's Book Boutique.
 21384 | Orc:2    | Entered Level 2 of the Orcish Mines
 21409 | Orc:1    | Gained mutation: When low on magic, you restore magic in
                  | place of health. [demonic ancestry]
 21409 | Orc:1    | Reached XP level 14. HP: 93/111 MP: 24/24
 21849 | Orc:2    | Gained mutation: You are dopey. (Int -2) [a neqoxec]
 22921 | Orc:2    | Noticed an orc warlord
 22949 | Orc:1    | Killed an orc warlord
 23157 | Orc:1    | Paralysed by an orc sorcerer for 3 turns
 24335 | Orc:2    | Gained mutation: You are frail. (-10% HP) [a neqoxec]
 24358 | Orc:2    | Paralysed by an orc sorcerer for 7 turns
 24492 | Orc:2    | Noticed an orc warlord
 24494 | Orc:2    | Paralysed by an orc sorcerer for 2 turns
 24563 | Orc:2    | Killed an orc warlord
 24684 | Orc:2    | Reached skill level 12 in Armour
 24714 | Orc:2    | Found Giushauc's General Store.
 24715 | Orc:2    | Found Matsaofe's Food Boutique.
 24895 | Orc:2    | Bought a scroll of identify for 20 gold pieces
 24895 | Orc:2    | Bought a potion of haste for 100 gold pieces
 24895 | Orc:2    | Bought a scroll of summoning for 95 gold pieces
 24917 | Orc:2    | Paralysed by an orc sorcerer for 7 turns
 25229 | Orc:2    | Found Cog Vomp's Antique Armour Shoppe.
 25229 | Orc:2    | Found Luzapt's Gadget Emporium.
 25229 | Orc:2    | Found a one-way gate leading to the halls of Pandemonium.
 25380 | Orc:2    | Found a bloodstained altar of Trog.
 25521 | Orc:2    | Found a staircase to the Elven Halls.
 25995 | Orc:2    | Bought a dazzling scale mail for 270 gold pieces
 25995 | Orc:2    | Bought a fine chain mail for 285 gold pieces
 25996 | Orc:2    | Identified the +2 scale mail "Xukiuvau" {rF+ Int+3} (You
                  | bought it in a shop on level 2 of the Orcish Mines)
 26010 | Orc:2    | Identified the +7 chain mail "Meifad" {+Inv MR- Regen+
                  | Dex-5} (You bought it in a shop on level 2 of the Orcish
                  | Mines)
 26022 | Orc:2    | Bought a box of beasts for 240 gold pieces
 26022 | Orc:2    | Bought a box of beasts for 240 gold pieces
 26022 | Orc:2    | Bought a box of beasts for 240 gold pieces
 26022 | Orc:2    | Bought a wand of digging (6) for 240 gold pieces
 26022 | Orc:2    | Bought a wand of clouds (4) for 288 gold pieces
 26022 | Orc:2    | Bought a wand of paralysis (14) for 192 gold pieces
 26032 | Orc:2    | Identified the ring "Emmek" {rC+ MR+++ Str-2 Int+2 Slay+2}
                  | (You found it on level 14 of the Dungeon)
 26183 | D:11     | Bought the amulet of Veugoh {Acrobat rPois rC+ Int+5 Dex-4}
                  | for 603 gold pieces
 26277 | Lair:1   | Entered Level 1 of the Lair of Beasts
 26357 | Lair:1   | Got a warped robe
 26663 | Lair:1   | Got a crude trident
 26978 | Lair:2   | Found a staircase to the Shoals.
 27128 | Lair:2   | Reached skill level 1 in Conjurations
 27269 | Lair:2   | Reached XP level 15. HP: 105/105 MP: 28/28
 27585 | Lair:2   | Identified a scroll of acquirement
 27622 | Lair:2   | Identified the cursed +0 trident of Qyst {speed, Str+2
                  | Dex+2 SInv} (You found it on level 1 of the Lair of Beasts)
 28200 | Lair:3   | Identified the +1 robe of Proximity {rC+++ Regen+ Dex-3
                  | Stlth+} (You found it on level 1 of the Lair of Beasts)
 29513 | Lair:4   | Found a hole to the Spider Nest.
 30486 | Lair:5   | Found a shattered altar of Ashenzari.
 30493 | Lair:5   | Lost mutation: You are frail. (-10% HP) [potion of
                  | mutation]
 30493 | Lair:5   | Lost mutation: You are dopey. (Int -2) [potion of mutation]
 30493 | Lair:5   | Lost mutation: You are weak. (Str -2) [potion of mutation]
 30493 | Lair:5   | Gained mutation: Your magical capacity is low. (-10% MP)
                  | [potion of mutation]
 30493 | Lair:5   | Gained mutation: Your system is resistant to poisons.
                  | (rPois) [potion of mutation]
 31494 | Lair:6   | Entered Level 6 of the Lair of Beasts
 31728 | Lair:6   | Found a runed translucent door.
 31728 | Lair:6   | Found a viscous altar of Jiyva.
 31729 | Lair:6   | Found a staircase to the Slime Pits.
 31989 | Lair:6   | Reached skill level 10 in Spellcasting
 32031 | Lair:6   | Reached skill level 5 in Conjurations
 32326 | Lair:6   | Reached skill level 13 in Armour
 32529 | Lair:6   | Found a runed translucent door.
 33560 | D:15     | Bought a cursed ring of teleportation for 67 gold pieces
 33560 | D:15     | Bought the ring "Heaklimp" {rElec MP-9 Str+3 SInv} for 246
                  | gold pieces
 33814 | D:5      | Bought a wand of acid (8) for 288 gold pieces
 33814 | D:5      | Bought a wand of acid (12) for 384 gold pieces
 33814 | D:5      | Bought a wand of iceblast (7) for 132 gold pieces
 33814 | D:5      | Bought a wand of iceblast (5) for 108 gold pieces
 34113 | D:15     | Learned a level 3 spell: Stone Arrow
 34113 | D:15     | Upgraded the game from 0.25-a0-1015-g4819203062 to
                  | 0.25-a0-1036-g6f112fb28d
 34425 | Spider:1 | Entered Level 1 of the Spider Nest
 34768 | Spider:1 | Reached XP level 16. HP: 124/124 MP: 27/27
 35327 | Spider:2 | Noticed Azrael
 35343 | Spider:2 | Killed Azrael
 36157 | Spider:3 | Got a smelly ring mail
 36239 | Spider:4 | Entered Level 4 of the Spider Nest
 37212 | Spider:3 | Reached skill level 10 in Shields
 37475 | Spider:3 | HP: 6/124 [poisoned by an emperor scorpion]
 37480 | Spider:3 | HP: 4/124 [poisoned by an emperor scorpion]
 37487 | Spider:3 | HP: 3/124 [poisoned by an emperor scorpion]
 37495 | Spider:3 | HP: 2/124 [poisoned by an emperor scorpion]
 39430 | Spider:4 | Reached skill level 14 in Armour
 39759 | Spider:4 | Got a gossamer rune of Zot
 40156 | Shoals:1 | Entered Level 1 of the Shoals
 40171 | Shoals:1 | Noticed Louise
 40201 | Shoals:1 | Killed Louise
 40233 | Lair:2   | Reached XP level 17. HP: 69/130 MP: 10/29
 40594 | D:9      | Bought a +2 cloak of invisibility for 279 gold pieces
 40780 | D:15     | Identified the +4 ring mail of Zoetz {Str+2 Int+4 Slay-2}
                  | (You found it on level 3 of the Spider Nest)
 40801 | D:15     | Chiseanne: fuck you game!!!!
 41800 | Shoals:2 | Noticed a kraken
 41816 | Shoals:2 | Killed a kraken
 42342 | Shoals:2 | Upgraded the game from 0.25-a0-1036-g6f112fb28d to
                  | 0.25-a0-1119-g28b6fd0c3b
 42627 | Shoals:4 | Entered Level 4 of the Shoals
 42713 | Shoals:2 | HP: 6/130 [dream sheep[a cyclops] (4)]
 43603 | Shoals:4 | Got a barnacled rune of Zot
 43968 | Vaults:1 | Entered Level 1 of the Vaults
 44423 | Vaults:1 | Reached skill level 10 in Conjurations
 46406 | Vaults:2 | Reached XP level 18. HP: 136/136 MP: 31/31
 46514 | Vaults:2 | Reached skill level 15 in Armour
 47227 | Vaults:2 | Noticed Margery
 47228 | Vaults:2 | Noticed Donald
 47253 | Vaults:2 | Killed Donald
 47261 | Vaults:2 | Killed Margery
 47276 | Vaults:2 | Noticed a Brimstone Fiend
 47298 | Vaults:2 | HP: 3/136 [orc knight/+0 great sword (10)]
 49111 | Vaults:2 | Noticed Mennas
 49122 | Vaults:2 | Reached XP level 19. HP: 124/142 MP: 32/32
 49142 | Vaults:2 | HP: 5/142 [Mennas/+0 sacred scourge of holy wrath (11)]
 49160 | Vaults:2 | HP: 5/142 [Mennas/+0 sacred scourge of holy wrath (5)]
 49165 | Vaults:2 | Killed Mennas
 49708 | Vaults:2 | Found Agalo's Antique Armour Shop.
 49740 | Vaults:2 | Bought a shimmering kite shield for 399 gold pieces
 49740 | Vaults:2 | Bought a spiked ring mail for 378 gold pieces
 49740 | Vaults:2 | Bought an amethyst-encrusted scale mail for 378 gold pieces
 49741 | Vaults:2 | Identified the cursed +1 ring mail of Cynicism {+Blink
                  | Int+4 Slay+3} (You bought it in a shop on level 2 of the
                  | Vaults)
 49742 | Vaults:2 | Identified the +5 scale mail "Dogryned" {Dex+4} (You bought
                  | it in a shop on level 2 of the Vaults)
 49745 | Vaults:2 | Identified the +4 kite shield of Awe {Dex+6} (You bought it
                  | in a shop on level 2 of the Vaults)
 50514 | Vaults:3 | Found a staircase to the Crypt.
 50514 | Vaults:3 | Found a basalt altar of Yredelemnul.
 50515 | Vaults:3 | Found an ancient bone altar of Kikubaaqudgha.
 50946 | Vaults:3 | Gained mutation: You have a pair of large horns on your
                  | head. [demonic ancestry]
 50946 | Vaults:3 | Reached XP level 20. HP: 137/149 MP: 33/34
 51589 | Vaults:3 | Reached skill level 16 in Armour
 53582 | Vaults:4 | Identified Gigasko's Tome of Damaging Dark Arts
 53964 | Vaults:4 | Got a pair of slimy boots
 53975 | Vaults:4 | Identified the +2 pair of boots "Tefutwich" {rElec rPois
                  | Str+4 Dex-4} (You found it on level 4 of the Vaults)
 54574 | Crypt:1  | Entered Level 1 of the Crypt
 54915 | Vaults:3 | Learned a level 4 spell: Dispel Undead
 55858 | Crypt:1  | You fall into a shaft and drop 1 floor!
 56754 | Crypt:3  | Entered Level 3 of the Crypt
 58962 | Crypt:3  | Gained mutation: Your flesh is heat resistant. (rF+)
                  | [demonic ancestry]
 58962 | Crypt:3  | Reached XP level 21. HP: 137/156 MP: 35/35
 59419 | Crypt:3  | Noticed an ancient lich
 59419 | Crypt:3  | Noticed an ancient lich
 59446 | Crypt:3  | Killed an ancient lich
 59451 | Crypt:3  | Killed an ancient lich
 59467 | Crypt:3  | HP: 7/156 [poisoned by an ancient lich (poison arrow)]
 59474 | Crypt:3  | HP: 6/156 [poisoned by an ancient lich (poison arrow)]
 59480 | Crypt:3  | HP: 6/156 [poisoned by an ancient lich (poison arrow)]
 59489 | Crypt:3  | HP: 6/156 [poisoned by an ancient lich (poison arrow)]
 59496 | Crypt:3  | HP: 7/156 [poisoned by an ancient lich (poison arrow)]
 59942 | Crypt:3  | Got a brightly glowing war axe
 59943 | Crypt:3  | Identified the +6 war axe of the Blessed Realm {vorpal,
                  | +Inv rF+ rN+ Str-2} (You found it on level 3 of the Crypt)
 59960 | Crypt:3  | Got a twisted spear
 59963 | Crypt:3  | Identified the +9 spear "Sotishan" {antimagic, rElec rF+
                  | Int+4} (You found it on level 3 of the Crypt)
 60087 | Crypt:3  | Reached skill level 15 in Spellcasting
 62080 | Crypt:3  | Found an ancient bone altar of Kikubaaqudgha.
 62354 | Crypt:3  | Reached skill level 17 in Armour
 62365 | Crypt:3  | Found a staircase to the Tomb.
 62760 | Crypt:3  | Chiseanne: hi
 62973 | Crypt:3  | ICC: Hi.
 64204 | D:15     | Bought a +6 broad axe of flaming for 784 gold pieces
 64235 | D:15     | Bought a scroll of enchant armour for 120 gold pieces
 64483 | Vaults:5 | Entered Level 5 of the Vaults
 64492 | Vaults:5 | Noticed Bai Suzhen
 64872 | Vaults:5 | Noticed an ancient lich
 64875 | Vaults:5 | Noticed a golden dragon
 64881 | Vaults:5 | HP: 5/156 [titan/the air (13)]
 64896 | Vaults:5 | Killed a golden dragon
 64898 | Vaults:5 | Reached skill level 15 in Shields
 64904 | Vaults:5 | Found the +2 hood of the Assassin {Detection Stab+ Stlth++}
 65031 | Vaults:5 | HP: 2/156 [vault warden/+2 great sword of distortion (9)]
 65035 | Vaults:5 | Slain by a vault warden

Illustrated notes

Levels and vault maps discovered:
D:1:      onia_arrival_zoo_common, layout_basic
D:2:      layout_basic, due_unseen_surprise
D:3:      layout_loops_ring
D:4:      layout_cave_pools, bloody_makhleb, first_ration,
          biasface_ghost_orc_armoury
D:5:      layout_rooms, grunt_temple_overflow_open, serial_shops,
          nicolae_shop_behind_doors
D:6:      layout_loops_ring, lemuel_doored_altar, serial_co_window_serial,
          co_window_paths_b, co_window_paths_b, co_window_paths_a,
          co_window_of_opportunity_a, co_window_paths_a, co_window_paths_a,
          co_window_paths_a, co_window_corner_a, co_window_corner_a,
          co_window_unsneaky_path_b, co_window_broadway_b,
          co_window_of_opportunity_b, co_window_corner_b,
          co_window_unsneaky_path_e, glass_columns_a, glass_columns_a,
          uniq_prince_ribbit1
D:7:      layout_basic, lemuel_crystal_altar, minmay_temple_entry_proselytizer,
          grunt_ogre_cave
D:8:      layout_basic, minmay_lair_entry_grove, uniq_maurice
D:9:      layout_roguey [special_room_orc], fiery_altar_vehumet,
          nicolae_ru_great_annihilating_truth, orc_0_dummy
D:10:     layout_loops_ring, ploomutoo_gammafunk_ghost_potion_laboratory
D:11:     layout_roguey, enter_bailey_6, uniq_erolcha
D:12:     layout_gridville, basic_altar, uniq_frances
D:13:     layout_loops_corners, david_vaults_5
D:14:     layout_roguey, minmay_lindwurm_lava, uniq_rupert, uniq_kirke
D:15:     grunt_enter_depths_hoard, layout_gridville, serial_shops,
          nicolae_shop_waterfront, minivault_24,
          hangedman_abyss_or_decor_passed, uniq_nessos
Temple:   regret_index_temple_generic_petals
Lair:1:   layout_regular_city
Lair:2:   layout_gridlike, elwin_shoals_entry_rocks, st_stairs_10,
          minmay_lair_oklob_chamber
Lair:3:   layout_cave_pods, nicolae_volcano_entry_two_sided, minivault_29
Lair:4:   layout_long_grid, dummy_spider_entry, grunt_megastairs_3
Lair:5:   layout_cave_pods, lemuel_altar_in_water2
Lair:6:   wormcave, layout_gridlike, slime_altar_2
Shoals:1: layout_shoals, hangedman_shoals_cup_caves, uniq_louise
Shoals:2: nzn_motion_control, layout_shoals
Shoals:3: layout_shoals
Shoals:4: shoals_end_grunt_garden, layout_shoals, shoal_ilsuiw
Spider:1: layout_spider_delve
Spider:2: layout_spider_delve, uniq_arachne, uniq_azrael
Spider:3: layout_chambers
Spider:4: spider_rune_water
Orc:1:    layout_caves, serial_shops, shop, nicolae_orc_pool_cavern
Orc:2:    pf_orc_diabolical, layout_caves, basic_altar, minmay_orc_treasury
Vaults:1: vaults_room_door_ring, hangedman_vaults_slice, grunt_vaults_diagonal,
          v_alt_pattern_5, vaults_standard_mumra_lines, st_spiral_rooms,
          vaults_mumra_chevron_long, vaults_dpeg_encased_lava,
          layout_vaults_omnigrid
Vaults:2: v_misc_29, vaults_standard_mumra_enter_the_diamond,
          nicolae_vaults_big_ls, ontoclasm_vaults_twist,
          ontoclasm_vaults_ring_small, nicolae_vaults_diagonal_hallway_7,
          v_misc_28, st_lines, nicolae_vaults_diagonal_hallway_6,
          nicolae_vaults_network_square, v_rooms_1, layout_vaults_maze,
          serial_shops, nicolae_shop_stone, uniq_donald, uniq_mennas,
          uniq_margery
Vaults:3: v_pattern_3, hangedman_vaults_river_flow,
          minmay_crypt_entry_necro_gods, v_misc_24,
          nicolae_vaults_circle_grid_a, nicolae_vaults_specimen_jars,
          vaults_room_corners, v_misc_4, vaults_room_stairs_pillars,
          nicolae_vaults_border_crossing, st_smaller_cells, vaults_dpeg_hooks,
          nicolae_vaults_shelves_hall, layout_vaults_omnibox,
          portal_desolation_entry_nicolae_nacl
Vaults:4: grunt_vaults_funnel, ontoclasm_vaults_decontamination, st_more_cells,
          nicolae_vaults_little_squares_2, v_rooms_2,
          nicolae_vaults_little_squares_6, layout_vaults_big_room
Vaults:5: uniq_bai_suzhen
Crypt:1:  layout_chaotic_city
Crypt:2:  minmay_shadows, layout_misc_corridors, minivault_23
Crypt:3:  evilmike_haunted_forest

Skill      XL: |  1  2  3  4  5  6  7  8  9 10 11 12 13 14 15 16 17 18 19 20 21 |
---------------+----------------------------------------------------------------+-----
Dodging        | 1 2 3 4 5 6 7 9 10 | 10.0
Fighting       | 2 3 4 6 7 8 10 11 | 11.3
Armour         | 1 2 3 5 6 7 9 10 11 12 13 14 15 16 17 | 17.3
Spellcasting   | 1 5 7 9 10 11 12 13 14 15 | 15.5
Evocations     | 2 3 5 6 8 9 |  9.6
Short Blades   | 2 5 7 |  7.7
Shields        | 1 5 7 9 10 11 12 13 14 15 | 15.0
Conjurations   | 1 6 8 10 11 12 13 14 | 14.5
Fire Magic     | 4 |  4.1
Long Blades    | |  2.6
Throwing       | |  1.0
Stealth        | |  1.0
Translocations | |  1.0
Air Magic      | |  1.7

Action                   |  1- 3 |  4- 6 |  7- 9 | 10-12 | 13-15 | 16-18 | 19-21 || total
-------------------------+-------+-------+-------+-------+-------+-------+-------++-------
Melee: Falchion          |    77 |   197 |   224 |       |       |       |       ||   498
       Headbutt          |    12 |    27 |    55 |   145 |   353 |   319 |   416 ||  1327
       Dagger            |       |       |    41 |   629 |  1626 |  1420 |  1155 ||  4871
       Unarmed           |       |       |       |       |     5 |       |       ||     5
       Scimitar          |       |       |       |       |       |     5 |       ||     5
       War axe           |       |       |       |       |       |       |   310 ||   310
Throw: Stone             |     1 |       |       |       |       |       |       ||     1
       Throwing net      |       |     1 |       |       |       |       |       ||     1
       Dart              |       |    10 |    14 |    79 |    89 |    56 |     7 ||   255
       Boomerang         |       |       |       |       |     7 |       |       ||     7
       Javelin           |       |       |       |       |       |     3 |     1 ||     4
 Cast: Mephitic Cloud    |       |       |       |       |    12 |   167 |    33 ||   212
       Stone Arrow       |       |       |       |       |     2 |   142 |     2 ||   146
       Blink             |       |       |       |       |       |     1 |       ||     1
       Dispel Undead     |       |       |       |       |       |       |    22 ||    22
Invok: Call Merchant     |       |       |       |     2 |     2 |     1 |     2 ||     7
       Potion Petition   |       |       |       |     1 |     1 |     1 |     4 ||     7
Evoke: Wand              |       |     2 |     4 |    24 |    24 |    23 |    23 ||   100
       Lightning rod     |       |       |       |       |    11 |     4 |     7 ||    22
       Box of beasts     |       |       |       |       |       |     4 |     5 ||     9
       Phantom mirror    |       |       |       |       |       |       |     1 ||     1
  Use: Scroll            |       |     3 |     5 |    18 |    16 |    21 |    22 ||    85
       Potion            |       |     8 |     1 |     3 |     8 |    13 |     8 ||    41
 Stab: Invisible         |       |     6 |       |     1 |     1 |       |       ||     8
       Sleeping          |       |     2 |       |     9 |     3 |     3 |     6 ||    23
       Held in net/web   |       |     1 |       |       |       |       |       ||     1
       Paralysed         |       |     5 |    28 |    20 |     7 |       |       ||    60
       Distracted        |       |       |       |     4 |    16 |     4 |     8 ||    32
       Confused          |       |       |       |       |     7 |    72 |    26 ||   105
       Petrified         |       |       |       |       |       |     4 |       ||     4
  Eat: Chunk             |     2 |     8 |    12 |       |       |       |       ||    22
       Ration            |       |       |     2 |     8 |    16 |    14 |    15 ||    55
Armor: Robe              |     5 |       |       |       |       |       |       ||     5
       Ring mail         |    21 |    63 |    68 |   157 |       |       |   372 ||   681
       Skin              |       |     9 |     3 |       |       |       |       ||    12
       Scale mail        |       |       |       |    20 |   376 |   397 |     5 ||   798
Dodge: Dodged            |    49 |   138 |   164 |   480 |   920 |   763 |   756 ||  3270
Block: Buckler           |       |       |       |     4 |   294 |       |       ||   298
       Kite shield       |       |       |       |       |   129 |   719 |   990 ||  1838
       Rpst.: Falchion   |    17 |    36 |    49 |       |       |       |       ||   102

Table legend:
 A = Non-vault XP
 B = Vault XP
 C = Vault XP percentage of total XP
 D = Non-vault monster count
 E = Vault monster count
 F = Vault count percentage of total count
                 A         B        C        D         E       F
            +---------+---------+-------+---------+---------+-------
      Total |  298801 |  299184 |  50.0 |    1072 |     577 |  35.0
            +---------+---------+-------+---------+---------+-------
        D:1 |      40 |       0 |   0.0 |      16 |       0 |   0.0
        D:2 |     122 |       0 |   0.0 |      29 |       0 |   0.0
        D:3 |     164 |       0 |   0.0 |      36 |       0 |   0.0
        D:4 |     436 |       0 |   0.0 |      17 |       0 |   0.0
        D:5 |     280 |       0 |   0.0 |      14 |       0 |   0.0
        D:6 |    1386 |     283 |  17.0 |      35 |       1 |   2.8
        D:7 |     924 |     570 |  38.2 |      22 |       5 |  18.5
        D:8 |     569 |    1613 |  73.9 |       9 |      10 |  52.6
        D:9 |    1896 |     257 |  11.9 |      16 |      28 |  63.6
       D:10 |    3531 |       0 |   0.0 |      50 |       0 |   0.0
       D:11 |    4920 |    1014 |  17.1 |      42 |       1 |   2.3
       D:12 |    4757 |    2130 |  30.9 |      38 |       1 |   2.6
       D:13 |    3585 |     947 |  20.9 |      11 |       1 |   8.3
       D:14 |    8338 |    8208 |  49.6 |      40 |      10 |  20.0
       D:15 |   10236 |    3406 |  25.0 |      29 |       3 |   9.4
     Lair:1 |     617 |       0 |   0.0 |       5 |       0 |   0.0
     Lair:2 |    4194 |     597 |  12.5 |      17 |       4 |  19.0
     Lair:3 |    7731 |    4645 |  37.5 |      28 |      40 |  58.8
     Lair:4 |    7015 |     255 |   3.5 |      39 |       1 |   2.5
     Lair:5 |    2738 |       0 |   0.0 |      17 |       0 |   0.0
     Lair:6 |   12960 |    6686 |  34.0 |      46 |      18 |  28.1
   Shoals:1 |    2654 |    1705 |  39.1 |       8 |       1 |  11.1
   Shoals:2 |   10614 |    3272 |  23.6 |      21 |       5 |  19.2
   Shoals:3 |   13406 |    1107 |   7.6 |      30 |       1 |   3.2
   Shoals:4 |    1573 |    6804 |  81.2 |       3 |      10 |  76.9
   Spider:1 |   10868 |       0 |   0.0 |      29 |       0 |   0.0
   Spider:2 |    6585 |    2006 |  23.4 |      14 |       5 |  26.3
   Spider:3 |   22167 |     211 |   0.9 |      46 |       1 |   2.1
   Spider:4 |   11371 |   12902 |  53.2 |      30 |      27 |  47.4
      Orc:1 |    5062 |    9055 |  64.1 |      46 |      28 |  37.8
      Orc:2 |    4190 |   17840 |  81.0 |      37 |      69 |  65.1
   Vaults:1 |   25767 |   11120 |  30.1 |      58 |      22 |  27.5
   Vaults:2 |   27976 |   37210 |  57.1 |      50 |      41 |  45.1
   Vaults:3 |   27710 |   33231 |  54.5 |      56 |      39 |  41.1
   Vaults:4 |   12270 |   10595 |  46.3 |      22 |      11 |  33.3
   Vaults:5 |    2769 |   39629 |  93.5 |       5 |      34 |  87.2
    Crypt:1 |    9344 |       0 |   0.0 |      20 |       0 |   0.0
    Crypt:2 |   25791 |   10235 |  28.4 |      39 |      25 |  39.1
    Crypt:3 |    2245 |   68536 |  96.8 |       2 |      93 |  97.9
     Bailey |       0 |    3115 | 100.0 |       0 |      42 | 100.0
            +---------+---------+-------+---------+---------+-------
